TOP OF THE 1ST |
Idaho Falls Chukars batting - Pitching for Mahoning Valley Scrappers : RHP En-guo Tsu
|
Pitching: RHP En-guo Tsu
|
|
Batting: RHB Brett Steele
|
0-0: Ground out 2-3 (Groundball, 2R, EV 64.4 MPH)
|
Batting: SHB Darius Vinson
|
0-0: Swinging Strike 0-1: Ball 1-1: Ground out 4-3 (Groundball, 4M, EV 101.2 MPH)
|
Batting: RHB Chang-keun Baik
|
0-0: Swinging Strike 0-1: Fly out, F7 (Line Drive, 7LS, EV 111.2 MPH)
|
Top of the 1st over - 0 runs, 0 hits, 0 errors, 0 left on base; Idaho Falls 0 - Mahoning Valley 0 |
BOTTOM OF THE 1ST |
Mahoning Valley Scrappers batting - Pitching for Idaho Falls Chukars : LHP Butch Ott
|
Pitching: LHP Butch Ott
|
|
Batting: SHB Scott Scott
|
0-0: Foul Ball, location: 2F 0-1: Foul Ball, location: 2F 0-2: Foul Ball, location: 2F 0-2: Ball 1-2: Ball 2-2: Ball 3-2: Ground out 4-3 (Groundball, 4, EV 104.4 MPH)
|
Batting: RHB Mitch Boyd
|
0-0: Ball 1-0: Foul Ball, location: 2F 1-1: Foul Ball, location: 2F 1-2: Ball 2-2: SINGLE (Flyball, 8RS, EV 88.1 MPH)
|
Batting: RHB Harris Leroux
|
0-0: Ball Mitch Boyd steals 2nd base 1-0: Fly out, F8 (Flyball, 8RM, EV 84.4 MPH)
|
Batting: LHB Kazuyoshi Nakamura
|
0-0: SINGLE (Line Drive, 78S, EV 105.6 MPH) Mitch Boyd to third Runner from 3rd tries for Home, throw by LF and OUT! 7-2
|
Bottom of the 1st over - 0 runs, 2 hits, 0 errors, 1 left on base; Idaho Falls 0 - Mahoning Valley 0 |
TOP OF THE 2ND |
Idaho Falls Chukars batting - Pitching for Mahoning Valley Scrappers : RHP En-guo Tsu
|
Batting: LHB Edgar Ortiz
|
0-0: Called Strike 0-1: Fly out, F8 (Line Drive, 8LM, EV 98.8 MPH)
|
Batting: LHB Corey Lewis
|
0-0: Ball 1-0: Called Strike 1-1: Fly out, F8 (Flyball, 8RM, EV 89.4 MPH)
|
Batting: RHB Vance Coen
|
0-0: Ball 1-0: Called Strike 1-1: Swinging Strike 1-2: Strikes out swinging
|
Top of the 2nd over - 0 runs, 0 hits, 0 errors, 0 left on base; Idaho Falls 0 - Mahoning Valley 0 |
BOTTOM OF THE 2ND |
Mahoning Valley Scrappers batting - Pitching for Idaho Falls Chukars : LHP Butch Ott
|
Batting: RHB Alex Vasquez
|
0-0: Foul Ball, location: 2F 0-1: Ball 1-1: Foul Ball, location: 2F 1-2: SINGLE (Groundball, 5S, EV 75.0 MPH) (infield hit)
|
Batting: RHB Eric Kuck
|
0-0: Called Strike 0-1: Ball 1-1: Foul Ball, location: 2F 1-2: Ball 2-2: Fielders Choice at 2nd, 5-4 (Groundball, 5L, EV 81.2 MPH)
|
Pitching: RHP Kolenka Leschenya
|
|
Batting: RHB Carlos Salazar
|
0-0: Foul Ball, location: 2F 0-1: Ball 1-1: Ball 2-1: Ball 3-1: Base on Balls Eric Kuck to second
|
Batting: RHB Jeremy Givens
|
0-0: Fly out, F4 (Line Drive, 4M, EV 68.1 MPH)
|
Batting: RHB Willie Gonzales
|
0-0: Ball 1-0: Foul Ball, location: 2F 1-1: SINGLE (Flyball, 5D, EV 83.1 MPH) Eric Kuck to third Carlos Salazar to second Runner from 3rd tries for Home, SAFE, throw by LF to home
|
Batting: SHB Scott Scott
|
0-0: Ball 1-0: Ball 2-0: Ball 3-0: Called Strike 3-1: Foul Ball, location: 2F 3-2: Base on Balls Carlos Salazar to third Willie Gonzales to second
|
Batting: RHB Mitch Boyd
|
0-0: Called Strike 0-1: Called Strike 0-2: Ball 1-2: Strikes out swinging
|
Bottom of the 2nd over - 1 run, 2 hits, 0 errors, 3 left on base; Idaho Falls 0 - Mahoning Valley 1 |
TOP OF THE 3RD |
Idaho Falls Chukars batting - Pitching for Mahoning Valley Scrappers : RHP En-guo Tsu
|
Batting: RHB Nate Mumaw
|
0-0: Ball 1-0: Called Strike 1-1: Called Strike 1-2: Strikes out swinging
|
Batting: SHB Danny Ballenger
|
0-0: Called Strike 0-1: Called Strike 0-2: Strikes out swinging
|
Batting: RHB Adam Krieger
|
0-0: Ball 1-0: Called Strike 1-1: SINGLE (Groundball, 6M, EV 96.9 MPH)
|
Batting: RHB Brett Steele
|
0-0: Ball 1-0: Called Strike 1-1: Called Strike 1-2: Foul Ball, location: 2F 1-2: Foul Ball, location: 2F 1-2: Foul Ball, location: 2F Pickoff Throw to First - Out! 1-3
|
Top of the 3rd over - 0 runs, 1 hit, 0 errors, 0 left on base; Idaho Falls 0 - Mahoning Valley 1 |
BOTTOM OF THE 3RD |
Mahoning Valley Scrappers batting - Pitching for Idaho Falls Chukars : RHP Kolenka Leschenya
|
Pitching: LHP Tyler Abraham
|
|
Batting: RHB Harris Leroux
|
0-0: Ball 1-0: Called Strike 1-1: Ground out 6-3 (Groundball, 6, EV 106.9 MPH)
|
Batting: LHB Kazuyoshi Nakamura
|
0-0: DOUBLE (Groundball, 3L, EV 101.2 MPH)
|
Batting: RHB Alex Vasquez
|
0-0: Called Strike 0-1: Ball 1-1: Ball 2-1: Foul Ball, location: 2F 2-2: Foul Ball, location: 2F 2-2: Foul Ball, location: 2F 2-2: Ball 3-2: Ground out 6-3 (Groundball, 6, EV 99.4 MPH)
|
Batting: RHB Eric Kuck
|
0-0: Ground out U3 (Groundball, 34, EV 92.5 MPH)
|
Bottom of the 3rd over - 0 runs, 1 hit, 0 errors, 1 left on base; Idaho Falls 0 - Mahoning Valley 1 |
TOP OF THE 4TH |
Idaho Falls Chukars batting - Pitching for Mahoning Valley Scrappers : RHP En-guo Tsu
|
Batting: RHB Brett Steele
|
0-0: Fly out, F4 (Line Drive, 4, EV 66.9 MPH)
|
Batting: SHB Darius Vinson
|
0-0: Ball 1-0: Called Strike 1-1: Ball 2-1: Ball 3-1: Swinging Strike 3-2: Foul Ball, location: 2F 3-2: Ground out 4-3 (Groundball, 4, EV 91.2 MPH)
|
Batting: RHB Chang-keun Baik
|
0-0: Swinging Strike 0-1: Ball 1-1: Ground out 6-3 (Groundball, 6, EV 78.8 MPH)
|
Top of the 4th over - 0 runs, 0 hits, 0 errors, 0 left on base; Idaho Falls 0 - Mahoning Valley 1 |
BOTTOM OF THE 4TH |
Mahoning Valley Scrappers batting - Pitching for Idaho Falls Chukars : LHP Tyler Abraham
|
Batting: RHB Carlos Salazar
|
0-0: Ball 1-0: Ball 2-0: Called Strike 2-1: DOUBLE (Line Drive, 9LM, EV 108.1 MPH)
|
Batting: RHB Jeremy Givens
|
0-0: Ball 1-0: Ball 2-0: Ball 3-0: Base on Balls
|
Pitching: RHP Joe Adelmann
|
|
Batting: RHB Willie Gonzales
|
0-0: Ball 1-0: Swinging Strike 1-1: Ball Passed Ball! Carlos Salazar to third Jeremy Givens to second 2-1: Ball 3-1: Base on Balls
|
Batting: SHB Scott Scott
|
0-0: Ball 1-0: Ball 2-0: Ball 3-0: Base on Balls Carlos Salazar scores Jeremy Givens to third Willie Gonzales to second
|
Batting: RHB Mitch Boyd
|
0-0: Ball 1-0: Ball 2-0: Ball 3-0: Base on Balls Jeremy Givens scores Willie Gonzales to third Scott Scott to second
|
Batting: RHB Harris Leroux
|
0-0: Ball 1-0: Ball 2-0: Called Strike 2-1: Foul Ball, location: 2F 2-2: Strikes out swinging
|
Pitching: RHP Rich Frontczak
|
|
Batting: LHB Kazuyoshi Nakamura
|
0-0: Called Strike 0-1: Ball 1-1: Ball 2-1: Foul Ball, location: 2F Balk! Willie Gonzales scores Scott Scott to third Mitch Boyd to second 2-2: Ball Wild Pitch! Scott Scott scores Mitch Boyd to third 3-2: Foul Ball, location: 2F 3-2: SINGLE (Groundball, 34D, EV 106.9 MPH) (infield hit) Mitch Boyd scores
|
Batting: RHB Alex Vasquez
|
0-0: Ball 1-0: Called Strike 1-1: Ball 2-1: Ball 3-1: SINGLE (Groundball, 4MS, EV 68.1 MPH) (infield hit) Kazuyoshi Nakamura to second
|
Batting: RHB Eric Kuck
|
0-0: Ball 1-0: Ball 2-0: Ball 3-0: Base on Balls Kazuyoshi Nakamura to third Alex Vasquez to second
|
Batting: RHB Carlos Salazar
|
0-0: Called Strike 0-1: Foul Ball, location: 2F 0-2: Foul Ball, location: 2F 0-2: Ball 1-2: SINGLE (Line Drive, 78M, EV 106.9 MPH) Kazuyoshi Nakamura scores Alex Vasquez to third Eric Kuck to second
|
Pitching: RHP Tony Jimenez
|
|
Batting: RHB Jeremy Givens
|
0-0: Ball 1-0: Ball 2-0: Foul Ball, location: 2F 2-1: Ball Passed Ball! Alex Vasquez scores Eric Kuck to third Carlos Salazar to second 3-1: Base on Balls
|
Batting: RHB Willie Gonzales
|
0-0: Ball 1-0: Ball 2-0: Ball 3-0: Foul Ball, location: 2F 3-1: Base on Balls Eric Kuck scores Carlos Salazar to third Jeremy Givens to second
|
Batting: SHB Scott Scott
|
0-0: Foul Ball, location: 2F 0-1: Grounds into fielders choice 1-2 (Groundball, 13S, EV 70.6 MPH) Jeremy Givens to third Willie Gonzales to second
|
Batting: RHB Mitch Boyd
|
0-0: Called Strike 0-1: Ball 1-1: Ball 2-1: Foul Ball, location: 2F 2-2: Ball 3-2: Foul Ball, location: 2F 3-2: Foul Ball, location: 2F 3-2: Base on Balls Jeremy Givens scores Willie Gonzales to third Scott Scott to second
|
Pitching: RHP Bryan Kiefer
|
|
Batting: RHB Harris Leroux
|
0-0: Ball 1-0: Called Strike 1-1: Foul Ball, location: 2F 1-2: Ball 2-2: Fly out, F7 (Flyball, 7, EV 81.2 MPH)
|
Bottom of the 4th over - 9 runs, 4 hits, 0 errors, 3 left on base; Idaho Falls 0 - Mahoning Valley 10 |
TOP OF THE 5TH |
Idaho Falls Chukars batting - Pitching for Mahoning Valley Scrappers : RHP En-guo Tsu
|
Batting: LHB Edgar Ortiz
|
0-0: Swinging Strike 0-1: Foul Ball, location: 2F 0-2: Strikes out swinging
|
Batting: LHB Corey Lewis
|
0-0: Ball 1-0: Called Strike 1-1: Foul Ball, location: 2F 1-2: Ball 2-2: Ball 3-2: DOUBLE (Groundball, 3L, EV 104.4 MPH)
|
Batting: RHB Vance Coen
|
0-0: Swinging Strike 0-1: Swinging Strike 0-2: Ball 1-2: Ball 2-2: Strikes out looking
|
Batting: RHB Nate Mumaw
|
0-0: Fly out, F3 (Line Drive, 34, EV 61.9 MPH)
|
Top of the 5th over - 0 runs, 1 hit, 0 errors, 1 left on base; Idaho Falls 0 - Mahoning Valley 10 |
BOTTOM OF THE 5TH |
Mahoning Valley Scrappers batting - Pitching for Idaho Falls Chukars : RHP Bryan Kiefer
|
Batting: LHB Kazuyoshi Nakamura
|
0-0: Swinging Strike 0-1: Foul Ball, location: 2F 0-2: Ball 1-2: Foul Ball, location: 2F 1-2: Strikes out swinging, 2-3 out at first.
|
Batting: RHB Alex Vasquez
|
0-0: Ball 1-0: Foul Ball, location: 2F 1-1: Ball 2-1: Ground out 6-3 (Groundball, 6MD, EV 86.2 MPH)
|
Batting: RHB Eric Kuck
|
0-0: Called Strike 0-1: Called Strike 0-2: Strikes out swinging
|
Bottom of the 5th over - 0 runs, 0 hits, 0 errors, 0 left on base; Idaho Falls 0 - Mahoning Valley 10 |
TOP OF THE 6TH |
Idaho Falls Chukars batting - Pitching for Mahoning Valley Scrappers : RHP En-guo Tsu
|
Batting: SHB Danny Ballenger
|
0-0: SINGLE (Line Drive, 78S, EV 99.4 MPH)
|
Batting: RHB Adam Krieger
|
0-0: Called Strike 0-1: Called Strike 0-2: Ball 1-2: Foul Ball, location: 2F 1-2: Ball 2-2: Grounds into double play, 6-4-3 (Groundball, 6, EV 103.1 MPH)
|
Batting: RHB Brett Steele
|
0-0: Called Strike 0-1: SINGLE (Groundball, 25, EV 68.8 MPH) (infield hit)
|
Batting: SHB Darius Vinson
|
0-0: Ball 1-0: Foul Ball, location: 2F 1-1: Ball 2-1: Ball 3-1: Swinging Strike 3-2: Strikes out swinging
|
Top of the 6th over - 0 runs, 2 hits, 0 errors, 1 left on base; Idaho Falls 0 - Mahoning Valley 10 |
BOTTOM OF THE 6TH |
Mahoning Valley Scrappers batting - Pitching for Idaho Falls Chukars : RHP Bryan Kiefer
|
Batting: RHB Carlos Salazar
|
0-0: Ball 1-0: Called Strike 1-1: Swinging Strike 1-2: Strikes out swinging
|
Pitching: RHP Greg Sell
|
|
Batting: RHB Jeremy Givens
|
0-0: Called Strike 0-1: Ball 1-1: Foul Ball, location: 2F 1-2: Ground out 5-3 (Groundball, 56, EV 105.0 MPH)
|
Batting: RHB Willie Gonzales
|
0-0: Called Strike 0-1: Ball 1-1: Ball 2-1: Called Strike 2-2: Ball 3-2: Strikes out swinging
|
Bottom of the 6th over - 0 runs, 0 hits, 0 errors, 0 left on base; Idaho Falls 0 - Mahoning Valley 10 |
TOP OF THE 7TH |
Idaho Falls Chukars batting - Pitching for Mahoning Valley Scrappers : RHP En-guo Tsu
|
Pinch Hitting: RHB Carlos Munos
|
0-0: Called Strike 0-1: Swinging Strike 0-2: Ball 1-2: Strikes out swinging
|
Pinch Hitting: RHB Tommy McDonald
|
0-0: Fly out, F8 (Flyball, 8RS, EV 80.0 MPH)
|
Pinch Hitting: LHB Miguel Torres
|
0-0: Fly out, F9 (Flyball, 89M, EV 93.1 MPH)
|
Top of the 7th over - 0 runs, 0 hits, 0 errors, 0 left on base; Idaho Falls 0 - Mahoning Valley 10 |
BOTTOM OF THE 7TH |
Mahoning Valley Scrappers batting - Pitching for Idaho Falls Chukars : RHP Greg Sell
|
Now at 1B: Tommy McDonald
|
|
Now at 2B: Carlos Munos
|
|
Now in RF: Miguel Torres
|
|
Pinch Hitting: RHB Ricky Cordova
|
0-0: Swinging Strike 0-1: Ball 1-1: Called Strike 1-2: Foul Ball, location: 2F 1-2: Foul Ball, location: 2F 1-2: Strikes out looking
|
Batting: RHB Mitch Boyd
|
0-0: Called Strike 0-1: Foul Ball, location: 2F 0-2: Foul Ball, location: 2F 0-2: SOLO HOME RUN (Flyball, 7D, EV 95.6 MPH), Distance : 363 ft
|
Pitching: LHP Mike Adams
|
|
Batting: RHB Harris Leroux
|
0-0: Ball 1-0: Ball 2-0: Ball 3-0: Base on Balls
|
Batting: LHB Kazuyoshi Nakamura
|
0-0: Called Strike 0-1: Ball 1-1: Ball 2-1: Swinging Strike 2-2: Foul Ball, location: 2F 2-2: SINGLE (Groundball, 56, EV 105.6 MPH) (infield hit) Harris Leroux to second
|
Batting: RHB Alex Vasquez
|
0-0: Foul Ball, location: 2F 0-1: Called Strike 0-2: Ball 1-2: Grounds into double play, 6-4-3 (Groundball, 6, EV 97.5 MPH)
|
Bottom of the 7th over - 1 run, 2 hits, 0 errors, 1 left on base; Idaho Falls 0 - Mahoning Valley 11 |
TOP OF THE 8TH |
Idaho Falls Chukars batting - Pitching for Mahoning Valley Scrappers : RHP En-guo Tsu
|
Now at 1B: Ricky Cordova
|
|
Now at SS: Willie Gonzales
|
|
Batting: LHB Travis Lazaro
|
0-0: Swinging Strike 0-1: Ball 1-1: Swinging Strike 1-2: Strikes out looking
|
Pinch Hitting: RHB Ricky Lule
|
0-0: Ball 1-0: Swinging Strike 1-1: Swinging Strike 1-2: Ground out 4-3 (Groundball, 4S, EV 73.1 MPH)
|
Batting: SHB Danny Ballenger
|
0-0: Swinging Strike 0-1: Ball 1-1: Ball 2-1: Foul Ball, location: 2F 2-2: Ball 3-2: Strikes out swinging
|
Top of the 8th over - 0 runs, 0 hits, 0 errors, 0 left on base; Idaho Falls 0 - Mahoning Valley 11 |
BOTTOM OF THE 8TH |
Mahoning Valley Scrappers batting - Pitching for Idaho Falls Chukars : LHP Mike Adams
|
Now at 3B: Ricky Lule
|
|
Batting: RHB Eric Kuck
|
0-0: Ball 1-0: Ball 2-0: Called Strike 2-1: Foul Ball, location: 2F 2-2: Ball 3-2: Foul Ball, location: 2F 3-2: Hit by Pitch
|
Batting: RHB Carlos Salazar
|
0-0: Called Strike 0-1: Called Strike 0-2: Ball 1-2: Hit by Pitch Eric Kuck to second
|
Batting: RHB Jeremy Givens
|
0-0: Ball 1-0: Called Strike 1-1: Ball 2-1: Foul Ball, location: 2F 2-2: Reached via error on a dropped throw from 3B, E4 (Groundball, 56, EV 97.5 MPH) Eric Kuck to third Carlos Salazar to second
|
Batting: RHB Willie Gonzales
|
0-0: Ball 1-0: Foul Ball, location: 2F 1-1: Ball Wild Pitch! Eric Kuck scores Carlos Salazar to third Jeremy Givens to second 2-1: Foul Ball, location: 2F 2-2: Foul Ball, location: 2F Balk! Carlos Salazar scores Jeremy Givens to third 2-2: Foul Ball, location: 2F 2-2: SINGLE (Groundball, 4D, EV 101.2 MPH) Jeremy Givens scores
|
Batting: RHB Ricky Cordova
|
0-0: Called Strike 0-1: TRIPLE (Line Drive, 89XD, EV 105.0 MPH) Willie Gonzales scores
|
Batting: RHB Mitch Boyd
|
0-0: Ball 1-0: Foul Ball, location: 2F 1-1: Ball 2-1: Ball 3-1: Base on Balls
|
Pitching: RHP Chance Argy
|
|
Batting: RHB Harris Leroux
|
0-0: Fly out, F7 (Line Drive, 7, EV 91.9 MPH) Runner from 3rd tags up, OUT at HOME! 7-2 Mitch Boyd to second
|
Batting: LHB Kazuyoshi Nakamura
|
0-0: Ball 1-0: Ball 2-0: Foul Ball, location: 2F 2-1: Ball 3-1: Base on Balls
|
Batting: RHB Alex Vasquez
|
0-0: Called Strike 0-1: Foul Ball, location: 2F 0-2: Ball 1-2: Ball Wild Pitch! Mitch Boyd to third Kazuyoshi Nakamura to second Balk! Mitch Boyd scores Kazuyoshi Nakamura to third Balk! Kazuyoshi Nakamura scores 2-2: Ground out 5-3 (Groundball, 56S, EV 79.4 MPH)
|
Bottom of the 8th over - 6 runs, 2 hits, 1 error, 0 left on base; Idaho Falls 0 - Mahoning Valley 17 |
TOP OF THE 9TH |
Idaho Falls Chukars batting - Pitching for Mahoning Valley Scrappers : RHP En-guo Tsu
|
Pitching: RHP Jonah Syndergaard
|
|
Pinch Hitting: LHB William Warren
|
0-0: Fly out, F8 (Flyball, 8LD, EV 95.6 MPH)
|
Batting: RHB Brett Steele
|
0-0: Foul Ball, location: 2F 0-1: Ball 1-1: Foul Ball, location: 2F 1-2: Foul Ball, location: 2F 1-2: Ground out 6-3 (Groundball, 6, EV 87.5 MPH)
|
Pinch Hitting: RHB Houston Brock
|
0-0: Ground out 5-3 (Groundball, 5L, EV 86.9 MPH)
|
Top of the 9th over - 0 runs, 0 hits, 0 errors, 0 left on base; Idaho Falls 0 - Mahoning Valley 17 |
|